cohdb
Replays
Latest Replays
All Replays
Popular Replays
Top Player Replays
Match Explorer
How It Works
Community
CoH3 Stats
Reddit
Sign in to upload your games and track your stats! →
Sign in with Steam
Match 44588653
Unlisted
Match 44588653
Overview
Messages
Build Orders
End
Kradschützen Motorcycle Team
Selects Italian Combined Arms Battlegroup
Selects Bersaglieri Squad
Bersaglieri Squad
Bersaglieri Squad
Construct Light Support Kompanie
Bersaglieri Squad
Selects Bersaglieri Bolster
2.5-tonne Medical Truck
Fire Support Elements
Flakvierling Half-track
Pak 38 Mechanized Group
Selects Breda Model 30 Light Machine Guns
Veteran Squad Leaders
Construct Panzerarmee Kommand
Vehicle Survival Package
Panzer III L Medium Tank
SMOKO
我小叮当今晚要搞事!
Victor #52
TwistedTootsy
剩者为王
我真的不是驴
JT
陈浩南
0
0
Comments
sign in to comment!
No comments posted yet!